 Dungeon Crawl Stone Soup version 0.30.0-5-g1a98f26d00 (webtiles) character file.

Game seed: 11779074308019929349

783 cheesebisquit the Fighter (level 7, -12/70 HPs)
             Began as a Green Draconian Fire Elementalist on May 9, 2023.
             Was an Initiate of Vehumet.
             Mangled by Duvessa
             ... wielding a +0 short sword of electrocution
              (19 damage)
             ... on level 5 of the Dungeon.
             The game lasted 00:19:31 (7543 turns).

cheesebisquit the Fighter (DrFE)                    Turns: 7543, Time: 00:19:32

Health: -12/70     AC:  6    Str: 12    XL:     7   Next: 55%
Magic:  7/10       EV: 12    Int: 20    God:    Vehumet [......]
Gold:   240        SH:  0    Dex: 12    Spells: 9/10 levels left

rFire   . . .        i - +0 dagger (holy)
rCold   . . .        (no shield)
rNeg    . . .        (body armour unavailable)
rPois   +            (helmet restricted)
rElec   .            (no cloak)
rCorr   .            (no gloves)
SInv    +            (no boots)
Will    .....        (no amulet)
Stlth   ++           m - +4 ring of slaying
HPRegen 0.31/turn    q - ring "Dall" {+Blink Str+2 Int+3 SInv}
MPRegen 0.12/turn

%: no passive effects
@: no status effects
A: breathe noxious fumes, AC +6, unfitting armour, poison resistance,
cold-blooded
a: Breathe Noxious Fumes, Renounce Religion, Evoke Blink


You were on level 5 of the Dungeon.
You worshipped Vehumet.
Vehumet was noncommittal.
You visited 2 branches of the dungeon, and saw 6 of its levels.
You also visited: Sewer.

You collected 240 gold pieces.

Inventory:

Hand Weapons
 i - a +0 dagger of holy wrath (weapon)
 o - a +0 short sword of holy wrath
 r - a +3 dagger
Missiles
 d - 5 poisoned darts
 x - a curare-tipped dart
Armour
 p - a +0 buckler
Magical Staves
 n - a staff of earth
Jewellery
 m - a +4 ring of slaying (left hand)
 q - the ring "Dall" (right hand) {+Blink Str+2 Int+3 SInv}
   (You found it in a sewer)

   [ring of see invisible]

   Str:       It affects your strength (+2).
   Int:       It affects your intelligence (+3).
   SInv:      It lets you see invisible.
   +Blink:    It lets you blink.
 u - a ring of positive energy
Wands
 s - a wand of flame (7)
 v - a wand of paralysis (6)
Scrolls
 a - a scroll of noise {unknown}
 b - a scroll of vulnerability {unknown}
 c - a scroll of blinking
 e - a scroll of brand weapon {unknown}
 f - a scroll of identify
 g - a scroll of fog {unknown}
 h - 2 scrolls of poison {unknown}
 j - a scroll of silence {unknown}
 k - a scroll of enchant armour {unknown}
 l - 3 scrolls of teleportation
Potions
 t - a potion of degeneration {unknown}


   Skills:
 + Level 9.2 Fighting
 - Level 1.7 Dodging
 - Level 1.7 Stealth
 - Level 2.0 Spellcasting
 - Level 1.0 Conjurations
 - Level 3.0 Fire Magic


You had 9 spell levels left.
You knew the following spells:

 Your Spells              Type           Power      Damage    Failure   Level
a - Foxfire               Conj/Fire      40%        2x1d6     7%          1

Your spell library contained the following spells:

 Spells                   Type           Power      Damage    Failure   Level
 Scorch                   Fire           28%        2d6       7%          2
 Freeze                   Ice            8%         1d3       16%         1
 Inner Flame              Hex/Fire       8%         N/A       26%         3
 Volatile Blastmotes      Fire/Tloc      16%        2d11      26%         3
 Hailstorm                Conj/Ice       4%         3d4       36%         3
 Frozen Ramparts          Ice            4%         1d1       43%         3
 Flame Wave               Conj/Fire      10%        2d6       56%         4


Dungeon Overview and Level Annotations

Branches:
Dungeon (5/15)             Temple (1/1) D:4           Sewer (visited)

Altars:
Ashenzari
Cheibriados
Dithmenos
Elyvilon
Fedhas
Kikubaaqudgha
Nemelex Xobeh
Okawaru
Qazlal
Sif Muna
Uskayaw
Vehumet
Xom
Yredelemnul
Zin
The Shining One

Annotations:
D:5 Dowan, Duvessa


Innate Abilities, Weirdness & Mutations

You can breathe blasts of noxious fumes.
Your lurid green scales are hard. (AC +6)
You cannot fit into any form of body armour.
Your system is resistant to poisons. (rPois)
You are cold-blooded and may be slowed by cold attacks.


Message History

Dowan gestures at you while chanting. The puff of frost hits you!
Duvessa attacks as you move away!
Duvessa hits you with a +0 short sword of electrocution.
* * * LOW HITPOINT WARNING * * *
Duvessa attacks as you move away! Duvessa hits you but does no damage.
Duvessa attacks as you move away! Duvessa misses you.
Duvessa says, "When magic and the sword combine, nothing stands against them."
Dowan gestures wildly while chanting.
Dowan blinks!
You puncture Duvessa!
Duvessa is almost dead.
Duvessa hits you with a +0 short sword of electrocution.
* * * LOW HITPOINT WARNING * * *
You are electrocuted!
* * * LOW HITPOINT WARNING * * *
It was a potion of curing.
You feel better. Duvessa closely misses you.
You feel better.
Duvessa says, "My weaknesses are his strengths!"
Duvessa hits you with a +0 short sword of electrocution.
* * * LOW HITPOINT WARNING * * *
You feel better.
Duvessa hits you with a +0 short sword of electrocution.
You hit Duvessa but do no damage.
Duvessa is almost dead.
Duvessa hits you with a +0 short sword of electrocution.
* * * LOW HITPOINT WARNING * * *
You hit Duvessa.
Duvessa is almost dead.
Duvessa hits you with a +0 short sword of electrocution.
* * * LOW HITPOINT WARNING * * *
You hit Duvessa.
Duvessa is almost dead.
Duvessa closely misses you.
You barely miss Duvessa.
Duvessa is almost dead.
Duvessa hits you with a +0 short sword of electrocution.
* * * LOW HITPOINT WARNING * * *
You are electrocuted!!
You die...

#.#
#.........###...##.#
#.#
#.############..##..
#.# #.# #.......##.#
#.###.####
#.####.###..
#........# #.# #.#
#.# #........# #.#
#.# #.# #).......#
#.# #.###.#
#........#
#.####.....#
#........#
#...@ee....#
#........#
##########....#
#........# ####>..#
########## ###


You could see Duvessa and Dowan.

Vanquished Creatures
  Grinder (D:4)
  Eustachio (D:3)
  Pargi (Sewer)
  A kobold brigand (D:4)
  2 hounds
  A jelly (D:4)
  4 gnolls (D:2)
  7 adders
  2 dart slugs
  3 orcs
  7 ball pythons
  3 endoplasms
  2 giant cockroaches
  6 goblins
  2 hobgoblins
  28 kobolds
  5 quokkas
  5 bats
  5 frilled lizards
  4 rats
90 creatures vanquished.

Vanquished Creatures (collateral kills)
  2 foxfires (D:4)
2 creatures vanquished.

Vanquished Creatures (others)
  An endoplasm (D:1)
  365 foxfires
366 creatures vanquished.

Grand Total: 458 creatures vanquished

Notes
Turn   | Place    | Note
-------+----------+-------------------------------------------
     0 | D:1      | cheesebisquit the Draconian Fire Elementalist began the
                  | quest for the Orb.
     0 | D:1      | Reached XP level 1. HP: 14/14 MP: 3/3
    80 | D:1      | Reached skill level 1 in Fighting
   344 | D:1      | Reached XP level 2. HP: 4/24 MP: 3/5
   479 | D:1      | Reached skill level 2 in Fighting
  1309 | D:2      | Reached skill level 3 in Fighting
  1313 | D:2      | Reached XP level 3. HP: 31/31 MP: 1/6
  1907 | D:2      | Reached skill level 4 in Fighting
  1955 | D:2      | Reached XP level 4. HP: 40/40 MP: 5/7
  2472 | D:3      | Reached skill level 5 in Fighting
  2528 | D:3      | Found a shimmering altar of Xom.
  2529 | D:3      | Found a shimmering altar of Xom.
  2529 | D:3      | Found a shimmering altar of Xom.
  2530 | D:3      | Found a shimmering altar of Xom.
  2532 | D:3      | Found a shimmering altar of Xom.
  2532 | D:3      | Found a shimmering altar of Xom.
  2540 | D:3      | Reached XP level 5. HP: 48/48 MP: 4/8
  2571 | D:3      | Found a shimmering altar of Xom.
  2793 | D:3      | Found a shadowy altar of Dithmenos.
  3231 | D:3      | Found a faded altar of an unknown god.
  3231 | D:3      | Found a broken altar of Ashenzari.
  3237 | D:3      | Found a sparkling altar of Nemelex Xobeh.
  3239 | D:3      | Found a radiant altar of Vehumet.
  3241 | D:3      | Found a basalt altar of Yredelemnul.
  3476 | D:4      | Found a glowing drain.
  3538 | Sewer    | Entered a sewer
  3658 | Sewer    | Identified the ring "Dall" {+Blink Str+2 Int+3 SInv}
  3701 | Sewer    | Noticed Pargi
  3713 | Sewer    | Killed Pargi
  3714 | Sewer    | Reached skill level 6 in Fighting
  3714 | Sewer    | Reached XP level 6. HP: 33/58 MP: 3/9
  3892 | D:4      | Noticed Grinder
  4002 | D:4      | Noticed Eustachio
  4686 | D:3      | Killed Eustachio
  4687 | D:3      | Reached skill level 7 in Fighting
  4862 | D:3      | Found a shadowy altar of Dithmenos.
  5186 | D:3      | Found a faded altar of an unknown god.
  5186 | D:3      | Found a broken altar of Ashenzari.
  5192 | D:3      | Found a sparkling altar of Nemelex Xobeh.
  5194 | D:3      | Found a radiant altar of Vehumet.
  5196 | D:3      | Found a basalt altar of Yredelemnul.
  5380 | D:3      | Found a shimmering altar of Xom.
  5381 | D:3      | Found a shimmering altar of Xom.
  5381 | D:3      | Found a shimmering altar of Xom.
  5385 | D:3      | Found a shimmering altar of Xom.
  5385 | D:3      | Found a shimmering altar of Xom.
  5546 | D:3      | Found a shimmering altar of Xom.
  5547 | D:3      | Found a shimmering altar of Xom.
  5547 | D:3      | Found a shimmering altar of Xom.
  5551 | D:3      | Found a shimmering altar of Xom.
  5734 | D:3      | Found a shadowy altar of Dithmenos.
  6057 | D:3      | Found a faded altar of an unknown god.
  6057 | D:3      | Found a broken altar of Ashenzari.
  6063 | D:3      | Found a sparkling altar of Nemelex Xobeh.
  6065 | D:3      | Found a radiant altar of Vehumet.
  6067 | D:3      | Found a basalt altar of Yredelemnul.
  6274 | D:4      | Found a staircase to the Ecumenical Temple.
  6323 | Temple   | Entered the Ecumenical Temple
  6579 | D:3      | Became a worshipper of Vehumet
  6774 | D:4      | Reached skill level 8 in Fighting
  6774 | D:4      | Your scales start taking on a lurid green colour.
  6774 | D:4      | Reached XP level 7. HP: 13/68 MP: 6/10
  6774 | D:4      | Gained mutation: Your system is resistant to poisons.
                  | (rPois) [Green Draconian growth]
  7149 | D:4      | Paralysed by Grinder for 2 turns
  7161 | D:4      | Paralysed by Grinder for 4 turns
  7168 | D:4      | Killed Grinder
  7169 | D:4      | Reached skill level 9 in Fighting
  7431 | D:5      | Entered Level 5 of the Dungeon
  7516 | D:5      | Noticed Duvessa
  7517 | D:5      | Noticed Dowan
  7543 | D:5      | Mangled by Duvessa

Illustrated notes

Levels and vault maps discovered:
D:1:      dpeg_arrival_central, layout_loops_ring, lemuel_flame_loot_1
D:2:      layout_rooms
D:3:      layout_loops_corners, chequers_temple_overflow_minitemple,
          nicolae_xom_altar_mimics, mainiacjoe_overflow_boulevard
D:4:      kennysheep_kobold_camp, layout_cave_pools, minmay_temple_entry_waves,
          serial_park, serial_park_square1 [serial_park_minivault_5x5_5],
          serial_park_tiny_pond, portal_sewer_entry_d,
          nicolae_underground_beach, uniq_grinder, uniq_eustachio
D:5:      layout_basic, mainiacjoe_overflow_six_doors_small,
          chequers_temple_overflow_statue_of_worship, uniq_duvessa
Temple:   chequers_temple_sunken

Skill      XL: |  1  2  3  4  5  6  7 |
---------------+----------------------+-----
Fighting       | 1 3 4 5 6 8 9 |  9.2
Dodging        | |  1.7
Stealth        | |  1.7
Spellcasting   | |  2.0
Conjurations   | |  1.0
Fire Magic     | |  3.0

Action                     |  1- 3 |  4- 6 |  7- 9 || total
---------------------------+-------+-------+-------++-------
  Melee: Unarmed           |    16 |       |       ||    16
         Tailslap          |     2 |     8 |     1 ||    11
         Dagger            |     2 |    73 |    15 ||    90
   Cast: Foxfire           |    59 |   136 |    21 ||   216
    Use: Potion            |     1 |     4 |     6 ||    11
         Scroll            |       |     1 |     3 ||     4
   Stab: Sleeping          |       |     2 |       ||     2
 Armour: Skin              |     9 |    64 |     4 ||    77
  Dodge: Dodged            |    13 |   141 |    11 ||   165
